 Dungeon Crawl Stone Soup version 0.30.1-8-g117510f58f (webtiles) character file.

Game seed: 6782761316537872538

479 monsoonserge the Trooper (level 6, -5/49 HPs)
             Began as a Demonspawn Monk on Sept 24, 2023.
             Slain by an ogre
             ... wielding a +0 giant club
              (11 damage)
             ... on level 5 of the Dungeon.
             The game lasted 00:07:42 (2583 turns).

monsoonserge the Trooper (Demonspawn Monk)          Turns: 2583, Time: 00:07:43

Health: -5/49      AC:  9    Str: 11    XL:     6   Next: 86%
Magic:  6/6        EV: 10    Int: 11    God:
Gold:   167        SH:  0    Dex: 18    Spells: 5/5 levels left

rFire   . . .        t - +1 dagger (drain)
rCold   . . .        (no shield)
rNeg    . . .        C - +2 scale mail {rPois}
rPois   +            (no helmet)
rElec   .            (no cloak)
rCorr   .            (no gloves)
SInv    .            e - +0 pair of boots
Will    .....        l - amulet of magic regeneration
Stlth   +            (no ring)
HPRegen 0.28/turn    (no ring)
MPRegen 0.50/turn

%: no passive effects
@: no status effects
A: ignite blood 1, spiny 2, demonic touch 2
a: no special abilities


You were on level 5 of the Dungeon.
You visited 2 branches of the dungeon, and saw 6 of its levels.

You collected 167 gold pieces.

Inventory:

Hand Weapons
 t - a +1 dagger of draining (weapon)
 D - a +1 dagger of venom
Missiles
 d - 3 poisoned darts (quivered)
 A - 2 boomerangs
Armour
 e - a +0 pair of boots (worn)
 C - a +2 scale mail of poison resistance (worn)
Magical Staves
 i - a staff of conjuration
 q - a staff of death
Jewellery
 l - an amulet of magic regeneration (around neck)
Wands
 b - a wand of roots (11)
 w - a wand of flame (16)
Scrolls
 a - a scroll of fog {unknown}
 f - 4 scrolls of identify {unknown}
 h - 3 scrolls of poison {unknown}
 j - 3 scrolls of enchant armour {unknown}
 n - 2 scrolls of teleportation {unknown}
 s - a scroll of vulnerability {unknown}
 v - a scroll of fear {unknown}
 y - a scroll of magic mapping {unknown}
 z - a scroll of noise {unknown}
 B - a scroll of enchant weapon {unknown}
Potions
 c - 2 potions of ambrosia
 g - 2 potions of brilliance {unknown}
 k - a potion of berserk rage {unknown}
 p - a potion of attraction {unknown}
 r - 3 potions of heal wounds {unknown}
 u - a potion of lignification {unknown}


   Skills:
 + Level 4.4 Fighting
 + Level 1.5(2.8) Short Blades
 - Level 3.6(3.8) Long Blades
 + Level 2.7 Armour
 + Level 3.9 Dodging
 + Level 1.8 Stealth
 - Level 1.0 Unarmed Combat
 + Level 0.5 Evocations


You had 5 spell levels left.
You didn't know any spells.
Your spell library contained the following spells:

 Spells                   Type           Power      Damage    Failure   Level
 Blink                    Tloc           0%         N/A       96%         2
 Call Canine Familiar     Summ           0%         N/A       99%         3
 Portal Projectile        Hex/Tloc       0%         N/A       99%         3
 Leda's Liquefaction      Hex/Erth       0%         N/A       100%        4
 Manifold Assault         Tloc           0%         N/A       100%        4
 Storm Form               Tmut/Air       0%         N/A       100%        7


Dungeon Overview and Level Annotations

Branches:
Dungeon (5/15)             Temple (1/1) D:4

Altars:
Ashenzari
Cheibriados
Dithmenos
Fedhas
Gozag
Hepliaklqana
Makhleb
Okawaru
Qazlal
Ru
Sif Muna
Trog
Uskayaw
Vehumet
Wu Jian
Xom
Yredelemnul

Annotations:
D:3 Sigmund


Innate Abilities, Weirdness & Mutations

Your demonic aura sometimes causes spilled blood to erupt in flames.
You are mostly covered in sharp spines.
Your touch may inflict irresistible damage on your foes.


Message History

Things that are here:
a +1 dagger of venom; a +0 robe
D - a +1 dagger of venom You start removing your armour.
You continue taking off your +0 scale mail. x4
You finish taking off your +0 scale mail.
You start putting on your armour.
You continue putting on your +2 scale mail of poison resistance. x5
You finish putting on your +2 scale mail of poison resistance.
You feel resistant to poison.
You drop a +0 robe.
You drop a +0 ring mail.
You drop a +0 chain mail.
You drop a +0 scale mail.
There is an open door here.
Items here: )))) †.
Okay, then.
HP restored.
b - a wand of roots (11)
You open the door.
There is an open door here.
Okay, then.
Found a stone staircase leading up.
An ogre comes into view. It is wielding a +0 giant club.
The ogre shouts!
The ogre hits you with a +0 giant club!
You hit the ogre but do no damage. You barely miss the ogre.
The ogre is struck by your spines.
The ogre hits you with a +0 giant club!!
* * * LOW HITPOINT WARNING * * *
You hit the ogre. You drain the ogre.
You touch the ogre!
The ogre is almost dead.
You closely miss the ogre.
The ogre is almost dead.
The ogre hits you with a +0 giant club!
* * * LOW HITPOINT WARNING * * *
You hit the ogre but do no damage.
The ogre is almost dead.
The ogre hits you with a +0 giant club!
You die...

### ####### #.. .##...## #.#
## .#.....# ..# .. ...<...#
#. #.###.# #......#
#...#######..<..#
..#...#####.#..O@......#
.##.........#########..#####.
........## #........
..##.##.# ##.####+##
......#.# #..# ..##..#.####
####.## .###..#....## #....+
## #..####[.#####.#### # #..#
##)#...#'#


You could see an ogre (drained).

Vanquished Creatures
  Menkaure (D:4)
  A black bear (D:5)
  A sleepcap (D:4)
  4 iguanas
  An orc wizard (D:5)
  3 adders (D:2)
  2 worms
  A dart slug (D:1)
  7 orcs
  7 ball pythons
  7 endoplasms
  A giant cockroach (D:3)
  8 goblins
  9 hobgoblins
  9 kobolds
  2 quokkas
  7 bats
  5 frilled lizards
  6 rats
82 creatures vanquished.

Notes
Turn   | Place    | Note
-------+----------+-------------------------------------------
     0 | D:1      | monsoonserge the Demonspawn Monk began the quest for the
                  | Orb.
     0 | D:1      | Reached XP level 1. HP: 18/18 MP: 1/1
   169 | D:1      | Gained mutation: You are partially covered in sharp spines.
                  | [demonic ancestry]
   169 | D:1      | Reached XP level 2. HP: 24/24 MP: 2/2
   716 | D:2      | Gained mutation: You are mostly covered in sharp spines.
                  | [demonic ancestry]
   716 | D:2      | Reached XP level 3. HP: 29/29 MP: 3/3
   987 | D:2      | Found a faded altar of an unknown god.
  1122 | D:2      | Gained mutation: Your demonic aura sometimes causes spilled
                  | blood to erupt in flames. [demonic ancestry]
  1122 | D:2      | Reached XP level 4. HP: 35/35 MP: 4/4
  1573 | D:3      | Noticed Sigmund
  1592 | D:4      | Noticed Menkaure
  1598 | D:4      | Killed Menkaure
  1599 | D:4      | Reached skill level 4 in Fighting
  1599 | D:4      | Reached skill level 1 in Armour
  1599 | D:4      | Reached skill level 1 in Stealth
  1599 | D:4      | Discovered your monstrous ancestry.
  1599 | D:4      | Gained mutation: Your touch may inflict minor irresistible
                  | damage on your foes. [demonic ancestry]
  1599 | D:4      | Reached XP level 5. HP: 25/42 MP: 5/5
  1721 | D:4      | Reached skill level 1 in Short Blades
  1721 | D:4      | Gained mutation: Your touch may inflict irresistible damage
                  | on your foes. [demonic ancestry]
  1721 | D:4      | Reached XP level 6. HP: 48/48 MP: 6/6
  1878 | D:4      | Found a staircase to the Ecumenical Temple.
  1911 | Temple   | Entered the Ecumenical Temple
  1911 | Temple   | Found a transporter.
  1911 | Temple   | Found a transporter.
  1913 | Temple   | Found a transporter.
  1913 | Temple   | Found a transporter.
  2206 | D:5      | Entered Level 5 of the Dungeon
  2301 | D:5      | Reached skill level 1 in Unarmed Combat
  2378 | D:5      | Found a bloodstained altar of Trog.
  2583 | D:5      | Slain by an ogre

Illustrated notes

Levels and vault maps discovered:
D:1:      dpeg_arrival_solitude, layout_loops_cross
D:2:      layout_rooms, hellmonk_ecumenical_altar_run_dry, serial_curves,
          eino_curves_04, eino_curves_01, eino_curves_02
D:3:      layout_rooms, lemuel_coloured_pillars_altar, uniq_sigmund
D:4:      layout_basic, minmay_temple_entry_grid, uniq_menkaure
D:5:      nicolae_cairo_tiling_very_big, layout_loops_ring,
          lemuel_mausoleum_altar_kikubaaqudgha, trog_butcher_becter,
          serial_bayou_ford_a
Temple:   hellmonk_temple_divided_pantheon

Skill      XL: |  1  2  3  4  5  6 |
---------------+-------------------+-----
Long Blades    | 3 |  3.6
Dodging        | 3 |  3.9
Fighting       | 4 |  4.4
Armour         | 1 2 |  2.7
Stealth        | 1 |  1.8
Short Blades   | 1 |  1.5
Unarmed Combat | 1 |  1.0
Evocations     | |  0.5

Action                     |  1- 3 |  4- 6 || total
---------------------------+-------+-------++-------
  Melee: Falchion          |    62 |       ||    62
         Dagger            |     1 |    70 ||    71
         Touch             |       |     9 ||     9
  Throw: Dart              |       |     1 ||     1
  Evoke: Wand              |       |     2 ||     2
   Stab: Sleeping          |     1 |       ||     1
 Armour: Robe              |    11 |       ||    11
         Ring mail         |     4 |     4 ||     8
         Scale mail        |       |    15 ||    15
  Dodge: Dodged            |    37 |    17 ||    54
